 Dungeon Crawl Stone Soup version 0.28-a0-461-g2dc4ca5097 (webtiles) character file.

Game seed: 12440652890448664180

160 robertstho the Chopper (level 5, -3/47 HPs)
             Began as a Minotaur Berserker on Sept 13, 2021.
             Was a Believer of Trog.
             Slain by an orc (12 damage)
             ... on level 3 of the Dungeon.
             The game lasted 00:02:28 (2212 turns).

robertstho the Chopper (Minotaur Berserker)         Turns: 2212, Time: 00:02:29

Health: -3/47      AC:  9    Str: 22    XL:     5   Next: 17%
Magic:  4/4        EV:  8    Int:  5    God:    Trog [**....]
Gold:   112        SH:  0    Dex:  9    Spells: 4/4 levels left

rFire   . . .      SeeInvis .   a - +0 hand axe
rCold   . . .      Faith    .   (no shield)
rNeg    . . .      Spirit   .   g - +0 chain mail
rPois   .          Reflect  .   (helmet restricted)
rElec   .          Harm     .   (no cloak)
rCorr   .          Rampage  .   (no gloves)
Will    ++...                   (no boots)
Stlth   ..........              (no amulet)
HPRegen 1.15/turn               (no ring)
MPRegen 0.09/turn               (no ring)

@: strong-willed, on berserk cooldown, regenerating, slowed, very slow
A: horns 2, retaliatory headbutt
a: Renounce Religion, Berserk, Trog's Hand


You were on level 3 of the Dungeon.
You worshipped Trog.
Trog was pleased with you.
You visited 1 branch of the dungeon, and saw 3 of its levels.

You collected 112 gold pieces.

Inventory:

Hand Weapons
 a - a +0 hand axe (weapon)
Armour
 g - a +0 chain mail (worn)
 m - a +1 hat of see invisible
Scrolls
 c - 3 scrolls of teleportation {unknown}
 i - a scroll of identify {unknown}
 j - a scroll of blinking {unknown}
 k - a scroll of fog {unknown}
Potions
 b - a potion of degeneration {unknown}
 d - a potion of might {unknown}
 e - a potion of curing {unknown}
 f - a potion of flight {unknown}
 h - a potion of brilliance {unknown}
 l - a potion of attraction {unknown}


   Skills:
 + Level 4.6 Fighting
 + Level 5.4 Axes
 + Level 3.9 Armour
 + Level 2.5 Dodging


You had 4 spell levels left.
You didn't know any spells.
Your spell library was empty.

Dungeon Overview and Level Annotations

Branches:
Dungeon (3/15)

Altars:
Yredelemnul

Shops:
D:2 =


Innate Abilities, Weirdness & Mutations

You have a pair of horns on your head.
You reflexively headbutt those who attack you in melee.


Message History

You barely miss something. You hit the adder.
You kill the adder!
Trog accepts your kill. Something claws you but does no damage.
You miss something. Something claws you.
You closely miss something. You headbutt something! You closely miss the gnoll.
The gnoll barely misses you. Something claws you but does no damage.
The gnoll hits you with a +0 club.
You closely miss something.
Your chain mail prevents you from hitting the gnoll.
Something claws you but does no damage. The gnoll closely misses you.
You barely miss the gnoll. You headbutt the gnoll!
You kill the gnoll!
Trog accepts your kill.
You closely miss something. Something claws you.
You slash something! Trog accepts your kill.
Trog appreciates your killing of a magic user.
Reactivating autopickup.
The crimson imp disappears in a puff of smoke!
You feel a bit more experienced.
You have reached level 5!
You now have 112 gold pieces (gained 14).
An orc comes into view. It is wielding a +0 whip of distortion.
You feel a strong urge to attack something.
You are no longer berserk.
You are exhausted.
You feel as though you will be slow longer.
Things that are here:
a +0 club; a gnoll corpse The orc hits you with a +0 whip of distortion.
The orc hits you but does no damage.
You blink.
The orc barely misses you. The orc hits you but does no damage.
Space warps horribly around you!!
* * * LOW HITPOINT WARNING * * *
There is a stone staircase leading down here.
Your skin crawls.
You feel strong-willed. The orc hits you but does no damage.
Space warps horribly around you!
You die...

..# ..# ..# ..# ..#
.# .# ######
.########....########
...............o@.†.#
....#####.#.#######.#
....#####'#)......#.#
............#####.#.#
....................#
...............##.###
....#..........##...#
....#..........####>#
....#..........# #.#


You could see an orc.

Vanquished Creatures
  Natasha (twice) (D:3)
  A gnoll (D:3)
  3 adders
  A worm (D:2)
  A dart slug (D:1)
  2 ball pythons
  4 bats
  4 endoplasms
  2 giant cockroaches
  8 goblins
  4 hobgoblins
  8 jackals
  9 kobolds
  A quokka (D:1)
  A frilled lizard (D:1)
  18 rats
69 creatures vanquished.

Notes
Turn   | Place    | Note
-------+----------+-------------------------------------------
     0 | D:1      | robertstho the Minotaur Berserker began the quest for the
                  | Orb.
     0 | D:1      | Reached XP level 1. HP: 19/19 MP: 0/0
   238 | D:1      | Reached skill level 4 in Axes
   238 | D:1      | Reached XP level 2. HP: 16/27 MP: 1/1
   931 | D:1      | Reached XP level 3. HP: 25/33 MP: 2/2
   936 | D:1      | Reached ** piety under Trog
  1613 | D:2      | Reached XP level 4. HP: 39/41 MP: 3/3
  1628 | D:2      | Found a basalt altar of Yredelemnul.
  1785 | D:2      | Found a faded altar of an unknown god.
  1864 | D:2      | Found Uhaechygh's Jewellery Emporium.
  2069 | D:3      | Noticed Natasha
  2087 | D:3      | Killed Natasha
  2088 | D:3      | Reached skill level 5 in Axes
  2170 | D:3      | Noticed Natasha
  2190 | D:3      | Killed Natasha
  2191 | D:3      | Reached XP level 5. HP: 39/47 MP: 4/4
  2212 | D:3      | Slain by an orc

Illustrated notes

Levels and vault maps discovered:
D:1:      scummos_arrival_gate, layout_loops_cross,
          chequers_serial_rivers_large_b
D:2:      layout_basic, ebering_ecumenical_altar_rust, basic_altar,
          serial_shops, nicolae_diamond_shop, chequers_serial_rivers_small_3,
          minmay_rat_gold_closets
D:3:      layout_basic, uniq_natasha

Skill      XL: |  1  2  3  4 |
---------------+-------------+-----
Axes           | 4 5 |  5.4
Fighting       | 4 |  4.6
Armour         | 3 |  3.9
Dodging        | |  2.5

Action                   |  1- 3 |  4- 6 || total
-------------------------+-------+-------++-------
Melee: Hand axe          |   124 |    51 ||   175
       Headbutt          |    12 |     7 ||    19
Invok: Berserk           |     1 |     2 ||     3
       Trog's Hand       |       |     1 ||     1
Armor: Chain mail        |    67 |    22 ||    89
       Animal skin       |     1 |       ||     1
Dodge: Dodged            |    52 |    19 ||    71

Table legend: (Time is in decaauts)
 A = Elapsed time spent in this place.
 B = Non-inter-level travel time spent in this place.
 C = Inter-level travel time spent in this place.
 D = Time resting spent in this place.
 E = Time spent auto-exploring this place.
 F = Levels seen in this place.
 G = Mean time per level.
                   A        B        C        D        E       F      G
               +--------+--------+--------+--------+--------+-----+--------+
         Total |   2305 |   2237 |     68 |    142 |   1675 |   3 |  768.3 |
       Dungeon |   2305 |   2237 |     68 |    142 |   1675 |   3 |  768.3 |
               +--------+--------+--------+--------+--------+-----+--------+

Top non-repeatable levels by time:
     D:1: 1271 daAuts
     D:2: 861 daAuts
     D:3: 172 daAuts
